 Dungeon Crawl Stone Soup version 0.20.1-1-g8b1a95d (webtiles) character file.

105 vishdafish the Shield-Bearer (level 5, -1/42 HPs)
             Began as a Formicid Fighter on July 13, 2017.
             Slain by a jelly (2 damage)
             ... on level 6 of the Dungeon.
             The game lasted 00:03:47 (2628 turns).

vishdafish the Shield-Bearer (Formicid Fighter)     Turns: 2628, Time: 00:03:47

Health: -1/42      AC: -3    Str: 22    XL:     5   Next: 8%
Magic:  5/5        EV:  8    Int:  7    God:
Gold:   205        SH:  9    Dex: 10    Spells: 4/4 levels left

rFire    . . .     SeeInvis +   a - +0 war axe
rCold    . . .     Gourm    .   c - +0 shield
rNeg     . . .     Faith    .   b - +0 scale mail
rPois    .         Spirit   .   (helmet unavailable)
rElec    .         Reflect  .   (no cloak)
rCorr    .         Harm     .   (no gloves)
MR       +....                  j - +0 pair of boots
Stlth    ..........             (no amulet)
Regen    0.2/turn               w - ring of protection from magic
MPRegen  0.1/turn               (no ring)

@: corroded
A: permanent stasis, dig shafts and tunnels, four strong arms, antennae 3
a: Dig, Shaft Self


You were on level 6 of the Dungeon.
You were very hungry.

You visited 1 branch of the dungeon, and saw 5 of its levels.

You collected 205 gold pieces.

Inventory:

Hand Weapons
 a - a +0 war axe (weapon)
Missiles
 v - 26 bolts
Armour
 b - a +0 scale mail (worn)
 c - a +0 shield (worn)
 j - a +0 pair of boots (worn)
Jewellery
 w - a ring of protection from magic (left hand)
Scrolls
 e - a scroll of enchant weapon {unknown}
 k - a scroll of teleportation {unknown}
 l - a scroll of remove curse {unknown}
 m - a scroll of magic mapping {unknown}
 q - 3 scrolls of identify {unknown}
 t - 2 scrolls of amnesia {unknown}
 u - 2 scrolls of fog {unknown}
 x - 3 scrolls of noise {unknown}
 y - a scroll of random uselessness {unknown}
 z - a scroll of recharging {unknown}
Potions
 d - a potion of might
 i - a potion of magic {unknown}
 n - a potion of berserk rage {unknown}
 o - a potion of ambrosia {unknown}
 p - a potion of agility {unknown}
 r - 2 potions of haste
 s - 3 potions of curing {unknown}
 A - a potion of invisibility {unknown}
 B - a potion of heal wounds {unknown}
 D - a potion of lignification {unknown}
Comestibles
 f - 3 bread rations
 g - 3 royal jellies
 h - a meat ration


   Skills:
 + Level 3.9 Fighting
 + Level 3.0 Axes
 + Level 4.1 Armour
 + Level 0.5 Dodging
 + Level 4.2 Shields


You had 4 spell levels left.
You didn't know any spells.

Dungeon Overview and Level Annotations

Branches:
Dungeon (4/15)
 Temple: D:4-7

Altars:
Ru


Innate Abilities, Weirdness & Mutations

You cannot be hasted, slowed, berserked, paralysed or teleported.
You can dig through walls and to a lower floor.
Your four strong arms can wield two-handed weapons with a shield.
You have a pair of large antennae on your head. (SInv)


Message History

You are too injured to fight recklessly!
You are too injured to fight recklessly!
You are too injured to fight recklessly!
You are too injured to fight recklessly!
You are too injured to fight recklessly!
You are too injured to fight recklessly!
You are too injured to fight recklessly!
You hit the jelly but do no damage.
Your hands burn!
* * * LOW HITPOINT WARNING * * *
The jelly is almost dead.
The jelly hits you.
* * * LOW HITPOINT WARNING * * *
You are splashed with acid!
The acid burns!
* * * LOW HITPOINT WARNING * * *
You aren't carrying any items that you can evoke.
Okay, then.
It was a potion of haste.
Your stasis prevents you from being hasted.
The jelly hits you.
You die...

.# ######### ..#.
........########....
........'...........
........#...........
#########..........>
#'@J.......#
##.........#
#.........#
#.........#
#.........#
#.........#
#.........#
#.........#
###########


You could see a jelly.

Vanquished Creatures
  A jelly (D:6)
  An adder (D:3)
  2 oozes
  2 worms
  A leopard gecko (D:2)
  2 orcs (D:3)
  A ball python (D:2)
  5 giant cockroaches
  2 goblins
  4 hobgoblins (D:1)
  A quokka (D:2)
  3 bats
  5 frilled lizards
  11 kobolds
  11 rats
52 creatures vanquished.

Notes
Turn   | Place    | Note
-------+----------+-------------------------------------------
     0 | D:1      | vishdafish the Formicid Fighter began the quest for the Orb.
     0 | D:1      | Reached XP level 1. HP: 18/18 MP: 1/1
   271 | D:1      | Reached XP level 2. HP: 24/24 MP: 2/2
   650 | D:1      | Reached XP level 3. HP: 20/29 MP: 3/3
  1101 | D:2      | Found a faded altar of an unknown god.
  1139 | D:2      | Became a worshipper of Ru the Awakened
  1140 | D:2      | Fell from the grace of Ru
  1515 | D:3      | Reached XP level 4. HP: 37/37 MP: 4/4
  2324 | D:4      | Noticed an ogre
  2364 | D:4      | You fall through a shaft for 2 floors!
  2489 | D:6      | Reached XP level 5. HP: 24/42 MP: 5/5
  2624 | D:6      | HP: 1/42 [acid (10)]
  2628 | D:6      | Slain by a jelly

Skill      XL: |  1  2  3  4 |
---------------+-------------+-----
Shields        | 4 |  4.2
Armour         | 4 |  4.1
Axes           | 3 |  3.0
Fighting       | |  3.9
Dodging        | |  0.5

Action                   |  1- 3 |  4- 6 || total
-------------------------+-------+-------++-------
Melee: War axe           |   119 |    63 ||   182
Invok: Renounce Religion |     1 |       ||     1
 Abil: Shaft Self        |       |     1 ||     1
  Use: Potion            |       |     1 ||     1
  Eat: Chunk             |     1 |     4 ||     5
Armor: Scale mail        |    45 |    27 ||    72
Dodge: Dodged            |    29 |    20 ||    49
Block: Shield            |    64 |    29 ||    93
